AoeStats
← BottleDry

Lombardia

508540858Analyzed
4v4 RM · 9d ago on Sep 22, 2026· 51m 17s· 8 players
Game mode
Random Map
Map size
Large (8 player)
Population
200
Speed
Normal
Resources
Standard
Victory
Conquest
Starting age
Dark Age
Ending age
Imperial Age
RankedLock teamsTeams togetherTeam positionsShared explorationLock speedFull tech treeHidden civsTurbo modeCheats
Victory
Defeat
🇲🇽 Vietnamese · Mexico
1065
+14
🇦🇷 Mongols · Argentina
1054
+14
🇨🇱 Poles · Chile
1044
+14
🇨🇱 Persians · Chile
965
+17
🇻🇪 Magyars · Venezuela
1041
-16
🇪🇸 Persians · Spain
1013
-15
🇺🇸 Saxons · United States
996
-14
🇮🇸 Spanish · Iceland
982
-25
FallAutumn7731
11:19 Feudal Age
15:46 Castle Age
13:47 Double-Bit Axe
15:03 Horse Collar
17:15 Bow Saw
17:36 Heavy Plow
17:40 Gold Mining
18:36 Loom
23:46 Gold Shaft Mining
24:27 Wheelbarrow
24:22 Town Watch
25:17 Fervor
25:52 Hand Cart
25:45 Stone Mining
26:21 Scale Barding Armor
29:52 Imperial Age
29:16 Stone Shaft Mining
30:31 Chain Barding Armor
30:22 Forging
30:42 Ballistics
31:23 Chemistry
31:11 Masonry
31:59 Plate Barding Armor
31:31 Fletching
32:08 Husbandry
32:19 Bloodlines
31:30 Cavalier
33:52 Crop Rotation
34:25 Two-Man Saw
34:12 Iron Casting
34:26 Savar
36:28 Blast Furnace
35:23 Bodkin Arrow
35:29 Bodkin Arrow
36:21 Padded Archer Armor
37:43 Caravan
37:55 Guilds
38:16 Coinage
37:20 Crossbowman
38:07 Thumb Ring
39:14 Conscription
39:16 Kamandaran
39:31 Citadels
39:25 Heavy Camel Rider
BottleDry
6:58 Loom
10:12 Feudal Age
11:22 Double-Bit Axe
12:04 Horse Collar
15:44 Town Watch
20:03 Castle Age
18:33 Scale Barding Armor
20:07 Stone Mining
20:07 Gold Mining
20:17 Gold Mining
20:52 Husbandry
21:29 Heavy Plow
22:14 Bloodlines
26:03 Wheelbarrow
26:41 Chain Barding Armor
26:31 Forging
32:24 Imperial Age
30:50 Hand Cart
30:12 Man-at-Arms
30:37 Gambesons
30:53 Squires
31:01 Squires
30:48 Arson
31:22 Scale Mail Armor
31:04 Long Swordsman
33:11 Iron Casting
33:34 Chain Mail Armor
32:59 Two-Handed Swordsman
34:49 Crop Rotation
33:50 Champion
35:01 Conscription
35:39 Plate Mail Armor
35:00 Fletching
35:27 Shield Wall
36:32 Elite Hearth Troop
38:18 Town Patrol
38:23 Bodkin Arrow
40:09 Pikeman
40:41 Halberdier
44:39 Bracer
44:41 Padded Archer Armor
TastyTreat
7:56 Loom
12:00 Feudal Age
14:32 Double-Bit Axe
17:12 Castle Age
16:36 Horse Collar
16:52 Stone Mining
16:53 Gold Mining
21:08 Stone Shaft Mining
25:55 Bow Saw
27:32 Padded Archer Armor
29:23 Heavy Plow
30:57 Ballistics
34:00 Imperial Age
32:07 Wheelbarrow
31:20 Town Watch
32:30 Murder Holes
33:30 Caravan
35:03 Conscription
34:03 Elite Conquistador
34:48 Squires
34:09 Pikeman
34:35 Gambesons
35:59 Forging
35:50 Scale Mail Armor
35:41 Fletching
37:14 Two-Man Saw
36:34 Halberdier
38:34 Chain Mail Armor
39:35 Iron Casting
39:18 Leather Archer Armor
39:11 Scale Barding Armor
42:30 Bodkin Arrow
43:36 Blast Furnace
43:07 Plate Mail Armor
43:28 Hand Cart
47:03 Chemistry
47:06 Ring Archer Armor
the King
0:32 Loom
11:12 Feudal Age
18:22 Horse Collar
24:04 Castle Age
22:14 Scale Barding Armor
22:40 Double-Bit Axe
23:17 Stone Mining
23:19 Gold Mining
28:41 Heavy Plow
35:57 Imperial Age
35:18 Corvinian Army
34:50 Pikeman
35:57 Scale Mail Armor
37:07 Man-at-Arms
38:35 Wheelbarrow
38:48 Chain Barding Armor
39:34 Conscription
40:10 Plate Barding Armor
39:13 Long Swordsman
40:14 Chain Mail Armor
39:54 Two-Handed Swordsman
40:10 Halberdier
42:21 Elite Magyar Huszar
Crispocivil
6:44 Loom
10:21 Feudal Age
11:42 Wheelbarrow
11:26 Double-Bit Axe
13:20 Horse Collar
18:11 Castle Age
19:27 Bow Saw
20:47 Heavy Plow
24:47 Gold Mining
27:36 Hand Cart
30:25 Imperial Age
28:11 Stone Mining
28:41 Caravan
29:02 Forging
28:59 Scale Barding Armor
31:56 Illumination
33:08 Two-Man Saw
32:34 Paper Money
32:32 Bloodlines
33:07 Iron Casting
32:35 Scale Mail Armor
32:25 Town Watch
33:15 Crop Rotation
33:35 Block Printing
34:20 Husbandry
34:46 Chain Barding Armor
34:17 Fletching
34:28 Padded Archer Armor
34:44 Chain Mail Armor
35:22 Guilds
35:43 Coinage
36:10 Chatras
37:48 Bodkin Arrow
38:07 Elite Battle Elephant
41:15 Plate Barding Armor
40:40 Bracer
40:56 Leather Archer Armor
41:45 Chemistry
40:27 Treadmill Crane
43:22 Ballistics
43:12 Masonry
45:13 Elite Rattan Archer
46:27 Ring Archer Armor
XITRO
11:54 Feudal Age
12:28 Double-Bit Axe
12:53 Horse Collar
18:36 Castle Age
17:32 Stone Mining
17:36 Gold Mining
22:24 Wheelbarrow
21:54 Heavy Plow
24:16 Loom
27:10 Gold Shaft Mining
27:17 Bow Saw
28:44 Caravan
30:14 Hand Cart
31:11 Stone Shaft Mining
34:44 Imperial Age
32:06 Fletching
32:17 Padded Archer Armor
32:28 Forging
32:19 Murder Holes
32:35 Masonry
33:58 Kamandaran
34:48 Heavy Scorpion
36:52 Chemistry
37:32 Two-Man Saw
36:28 Bodkin Arrow
36:40 Scale Barding Armor
37:17 Conscription
37:08 Citadels
38:34 Town Watch
39:12 Ballistics
39:23 Architecture
39:27 Crop Rotation
39:35 Iron Casting
39:21 Chain Barding Armor
39:46 Scale Mail Armor
40:03 Elite War Elephant
42:51 Cavalier
42:51 Heavy Camel Rider
43:32 Husbandry
43:42 Bloodlines
43:50 Town Patrol
44:28 Plate Barding Armor
44:55 Blast Furnace
44:11 Leather Archer Armor
44:31 Chain Mail Armor
46:56 Hoardings
47:44 Coinage
47:25 Guilds
Locomaxi
11:25 Feudal Age
15:28 Castle Age
13:29 Horse Collar
14:24 Double-Bit Axe
20:49 Loom
21:41 Wheelbarrow
23:10 Caravan
23:30 Heavy Plow
24:22 Fervor
26:35 Wheelbarrow
25:46 Town Watch
27:34 Bow Saw
27:57 Gold Mining
28:02 Stone Mining
29:09 Hand Cart
30:24 Stone Shaft Mining
29:56 Scale Barding Armor
30:01 Szlachta Privileges
34:28 Imperial Age
32:35 Forging
33:18 Treadmill Crane
34:16 Iron Casting
34:46 Cavalier
35:38 Bloodlines
35:28 Husbandry
36:32 Blast Furnace
37:05 Chemistry
36:11 Siege Engineers
36:32 Chain Barding Armor
37:35 Conscription
38:10 Fletching
39:00 Light Cavalry
40:03 Lechitic Legacy
40:30 Winged Hussar
44:27 Elite Obuch
46:43 Scale Mail Armor
Pancito
2:49 Loom
11:36 Feudal Age
12:01 Loom
12:38 Double-Bit Axe
18:41 Castle Age
19:59 Horse Collar
21:31 Bow Saw
23:59 Wheelbarrow
26:09 Heavy Plow
27:44 Fletching
27:54 Padded Archer Armor
29:51 Bloodlines
29:42 Husbandry
31:06 Husbandry
32:22 Padded Archer Armor
32:18 Bodkin Arrow
32:34 Forging
34:29 Leather Archer Armor
34:25 Forging
34:20 Scale Barding Armor
38:44 Imperial Age
36:31 Hand Cart
36:01 Town Watch
38:38 Iron Casting
38:23 Chain Barding Armor
39:03 Heavy Camel Rider
42:11 Bracer
43:11 Blast Furnace
41:55 Elite Mangudai
45:26 Drill
46:59 Chemistry
46:31 Ballistics
46:55 Gold Mining
Connection lost

Rejoining the realm…

Still unreachable

The connection could not be restored.

Session expired

The server has moved on; the page needs a fresh start.